 Dungeon Crawl Stone Soup version 0.19.5 (webtiles) character file.

1458 miragecloak the Martial Artist (level 8, -1/64 HPs)
             Began as a Naga Transmuter on May 12, 2017.
             Was an Initiate of Cheibriados.
             Succumbed to a hornet's poison
             ... on level 7 of the Dungeon.
             The game lasted 00:06:18 (7104 turns).

miragecloak the Martial Artist (Naga Transmuter)    Turns: 7104, Time: 00:06:19

Health: -1/64      AC:  2    Str: 11 (14) XL:     8   Next: 76%
Magic:  9/11       EV: 19    Int: 13 (15) God:    Cheibriados [......]
Gold:   363        SH:  6    Dex: 18 (19) Spells: 2 memorised, 7 levels left

rFire  . . .     SeeInvis +       - Unarmed
rCold  . . .     Gourm    .     (armour currently unavailable)
rNeg   . . .     Faith    .     (shield currently unavailable)
rPois  x         Spirit   .     (helmet currently unavailable)
rElec  .         Reflect  +     (cloak currently unavailable)
rCorr  .         Harm     .     (gloves currently unavailable)
MR     +....                    (no barding)
Stlth  ++........               y - +6 amulet of reflection
                                F - ring of flight
                                i - ring of wizardry

@: lethally poisoned (-1 -> -45), spider-form, slowed, very slow
A: see invisible, (deformed body), (poison resistance), (slowness 0), slow
metabolism 1, spit poison 1, AC +2
a: Spit Poison, End Transformation, Bend Time, Renounce Religion, Evoke Flight


You were on level 7 of the Dungeon.
You worshipped Cheibriados.
Cheibriados was noncommittal.
You were not hungry.
You were a venomous arachnid creature.
You visited 2 branches of the dungeon, and saw 8 of its levels.

You collected 363 gold pieces.

Inventory:

Missiles
 a - 186 arrows
Armour
 b - a +0 robe (melded)
 p - a +0 helmet (melded)
Jewellery
 i - a ring of wizardry (left front leg)
 w - an uncursed ring of magical power
 y - a +6 amulet of reflection (around neck)
 F - a ring of flight (right front leg)
Wands
 I - a wand of slowing (20/48)
Scrolls
 e - 3 scrolls of recharging {unknown}
 f - 5 scrolls of remove curse {unknown}
 k - 13 scrolls of identify {unknown}
 l - 2 scrolls of random uselessness {unknown}
 n - a scroll of immolation {unknown}
 o - 2 scrolls of enchant armour {unknown}
 r - a scroll of enchant weapon {unknown}
 s - 6 scrolls of teleportation {unknown}
 z - a scroll of magic mapping {unknown}
 A - 3 scrolls of amnesia {unknown}
 C - a scroll of fear {unknown}
 D - a scroll of blinking {unknown}
Potions
 g - a potion of degeneration
 h - 3 potions of haste {unknown}
 j - 2 potions of heal wounds {unknown}
 q - 2 potions of lignification {unknown}
 t - 2 potions of flight {unknown}
 v - 4 potions of mutation {unknown}
 x - 2 potions of cure mutation {unknown}
 E - 2 potions of curing {unknown}
 H - 2 potions of brilliance {unknown}
Books
 c - a book of Changes

   Spells                             Type                      Level
   a - Beastly Appendage              Transmutation                1
   b - Sticks to Snakes               Transmutation                2
   c - Spider Form                    Transmutation/Poison         3
   d - Ice Form                       Ice/Transmutation            4
   e - Blade Hands                    Transmutation                5
 G - a book of Minor Magic

   Spells                             Type                      Level
   a - Magic Dart                     Conjuration                  1
   b - Blink                          Translocation                2
   c - Call Imp                       Summoning                    2
   d - Repel Missiles                 Charms/Air                   2
   e - Slow                           Hexes                        2
   f - Conjure Flame                  Conjuration/Fire             3
   g - Mephitic Cloud                 Conjuration/Poison/Air       3
 K - a Young Poisoner's Handbook

   Spells                             Type                      Level
   a - Sting                          Conjuration/Poison           1
   b - Mephitic Cloud                 Conjuration/Poison/Air       3
   c - Olgreb's Toxic Radiance        Poison                       4
   d - Alistair's Intoxication        Transmutation/Poison         5
   e - Venom Bolt                     Conjuration/Poison           5
Comestibles
 d - 4 bread rations
 m - 4 meat rations
 u - 2 slices of pizza
 B - 7 fruits


   Skills:
 - Level 1.0 Fighting
 - Level 1.5 Dodging
 + Level 9.6 Unarmed Combat
 - Level 2.0 Spellcasting
 - Level 4.0 Transmutations
 - Level 5.0 Poison Magic


You had 7 spell levels left.
You knew the following spells:

 Your Spells              Type           Power        Failure   Level  Hunger
a - Beastly Appendage     Tmut           ##....       7%          1    ##.....
b - Spider Form           Tmut/Pois      ##........   12%         3    ####...


Dungeon Overview and Level Annotations

Branches:
Dungeon (7/15)             Temple (1/1) D:6

Altars:
Cheibriados
Dithmenos
Fedhas
Hepliaklqana
Kikubaaqudgha
Uskayaw
Xom
Yredelemnul
Zin

Annotations:
D:3 1 runed door
D:5 miragecloak's ghost, novice FoAK


Innate Abilities, Weirdness & Mutations

You cannot wear boots.
((Your serpentine skin is tough. (AC +2)))
You have supernaturally acute eyesight. (SInv)
((Armour fits poorly on your strangely shaped body.))
((Your system is resistant to poisons. (rPois)))
((You cover ground very slowly.))
You have a slow metabolism.
You can spit poison.


Message History

You feel as though you will be slow longer.
You bite the hornet!
The hornet is poisoned.
The hornet is moderately wounded.
You feel very sick. The hornet stings you!
* * * LOW HITPOINT WARNING * * *
You feel as though you will be slow longer.
You hit the hornet.
The hornet looks as sick as possible!
The hornet is heavily wounded.
* * * LOW HITPOINT WARNING * * *
You feel very sick. The hornet stings you.
* * * LOW HITPOINT WARNING * * *
You are more poisoned.
You feel as though you will be slow longer.
The hornet barely misses you.
It was a potion of degeneration.
There was something very wrong with that liquid.
You feel weakened.
You feel dopey.
You feel clumsy.
You die...

#..........## #
#####..........###
##...............##
##............<.#...
#...............##..
#...............##..
#...................
#...................
###=ys.........#......
#...>.........##.#......
..............##...#.###
..###.........###.(#.# .
..#.........# #...(##
#...........####[...##
#...............)#...#
..............#.##...#
..............#)##...#


You could see a hornet.

Vanquished Creatures
  Sigmund (D:5)
  A black bear (D:7)
  2 phantoms (D:7)
  An ogre (D:6)
  The ghost of miragecloak the Poker, an amateur FoAK of Lugonu (D:4)
  2 big kobolds (D:6)
  A bullfrog (D:7)
  A scorpion (D:6)
  A bullfrog skeleton (D:5)
  A centaur skeleton (D:4)
  2 orc priests
  An iguana (D:7)
  3 orc wizards
  Ijyb (D:2)
  4 worker ants
  A hound zombie (D:6)
  A howler monkey zombie (D:6)
  6 adders
  3 gnolls (D:4)
  A howler monkey skeleton (D:4)
  A river rat (D:4)
  A shadow imp (D:7)
  An ooze (D:4)
  3 worms
  A dart slug (D:1)
  4 leopard geckos
  20 orcs
  2 ball pythons (D:4)
  6 giant cockroaches
  13 goblins
  11 hobgoblins
  7 jackals
  10 kobolds
  2 quokkas (D:3)
  8 bats
  4 frilled lizards
  11 rats
140 creatures vanquished.

Notes
Turn   | Place    | Note
-------+----------+-------------------------------------------
     0 | D:1      | miragecloak the Naga Transmuter began the quest for the Orb.
     0 | D:1      | Reached XP level 1. HP: 18/18 MP: 3/3
   154 | D:1      | Reached XP level 2. HP: 25/25 MP: 3/5
  1513 | D:2      | Reached XP level 3. HP: 29/31 MP: 4/6
  1542 | D:2      | Learned a level 3 spell: Spider Form
  1771 | D:2      | Noticed Ijyb
  1789 | D:2      | Killed Ijyb
  1789 | D:2      | Reached skill level 1 in Poison Magic
  1799 | D:2      | Reached XP level 4. HP: 3/38 MP: 4/7
  2967 | D:3      | Reached XP level 5. HP: 31/44 MP: 3/8
  3503 | D:3      | Found a runed door.
  3708 | D:4      | Reached skill level 5 in Poison Magic
  3992 | D:4      | Reached XP level 6. HP: 51/51 MP: 5/9
  4020 | D:4      | Noticed miragecloak's ghost (amateur FoAK)
  4037 | D:4      | Killed miragecloak's ghost
  4037 | D:4      | Reached skill level 4 in Unarmed Combat
  4084 | D:4      | Found a shadowy altar of Dithmenos.
  4499 | D:4      | Reached skill level 5 in Unarmed Combat
  4993 | D:4      | Found a glowing silver altar of Zin.
  5157 | D:4      | Found a hazy altar of Hepliaklqana.
  5198 | D:5      | Entered Level 5 of the Dungeon
  5214 | D:5      | Reached XP level 7. HP: 57/57 MP: 6/10
  5244 | D:5      | Noticed Sigmund
  5254 | D:5      | Killed Sigmund
  5254 | D:5      | Reached skill level 6 in Unarmed Combat
  5378 | D:5      | Noticed miragecloak's ghost (novice FoAK)
  5663 | D:6      | Reached skill level 7 in Unarmed Combat
  5992 | D:6      | Found a staircase to the Ecumenical Temple.
  6056 | D:6      | Reached XP level 8. HP: 63/64 MP: 7/11
  6071 | Temple   | Entered the Ecumenical Temple
  6114 | Temple   | Became a worshipper of Cheibriados the Contemplative
  6247 | D:6      | Reached skill level 8 in Unarmed Combat
  6744 | D:7      | Reached skill level 9 in Unarmed Combat
  7097 | D:7      | Noticed a hornet
  7103 | D:7      | HP: 3/64 [hornet (6)]
  7104 | D:7      | Succumbed to a hornet's poison

Skill      XL: |  1  2  3  4  5  6  7  8 |
---------------+-------------------------+-----
Transmutations | 3 4 |  4.0
Poison Magic   | 1 3 5 |  5.0
Unarmed Combat | 5 7 9 |  9.6
Fighting       | |  1.0
Dodging        | |  1.5
Spellcasting   | |  2.0

Action                   |  1- 3 |  4- 6 |  7- 9 || total
-------------------------+-------+-------+-------++-------
Melee: Unarmed           |    89 |   190 |   152 ||   431
       Headbutt          |     8 |       |       ||     8
       Punch             |     1 |       |       ||     1
 Cast: Beastly Appendage |    22 |       |       ||    22
       Spider Form       |     1 |    44 |    26 ||    71
 Abil: Spit Poison       |     3 |       |     1 ||     4
  Use: Potion            |       |       |     1 ||     1
 Stab: Sleeping          |       |     3 |       ||     3
  Eat: Chunk             |     1 |    14 |     9 ||    24
       Fruit             |       |       |     1 ||     1
Armor: Robe              |    17 |     6 |     2 ||    25
       Skin              |       |    11 |     3 ||    14
Dodge: Dodged            |    47 |   137 |    86 ||   270
Block: Other             |       |    28 |    32 ||    60
